 Dungeon Crawl Stone Soup version 0.24.0-5-g267a8d59f4 (webtiles) character file.

Game seed: 5498360670790336705, levelgen mode: deterministic

42 Elvalys the Magician (level 3, 0/24 HPs)
             Began as a Spriggan Wizard on Nov 1, 2019.
             Succumbed to an adder's poison
             ... on level 2 of the Dungeon.
             The game lasted 00:06:39 (1531 turns).

Elvalys the Magician (Spriggan Wizard)              Turns: 1531, Time: 00:06:39

Health: 0/24       AC: 21    Str:  8    XL:     3   Next: 35%
Magic:  5/10       EV:  4    Int: 20    God:
Gold:   113        SH:  0    Dex: 14    Spells: 3/12 levels left

rFire    . . .     SeeInvis +   n - +3 whip
rCold    . . .     Gourm    .   (shield restricted)
rNeg     + + +     Faith    .   (armour currently unavailable)
rPois    +         Spirit   .   (helmet currently unavailable)
rElec    .         Reflect  .   (cloak currently unavailable)
rCorr    .         Harm     .   (gloves unavailable)
MR       .....     NoTele   +   (boots unavailable)
Stlth    ++........             (no amulet)
HPRegen  0.08/turn              (no ring)
MPRegen  0.12/turn              (no ring)

@: mighty, lethally poisoned (0 -> -4), tree-form, very slightly contaminated
A: very small, unfitting armour, see invisible, herbivore, slow metabolism 2,
MP-powered wands
a: no special abilities


You were on level 2 of the Dungeon.
You were not hungry.
You were a tree.
You visited 1 branch of the dungeon, and saw 2 of its levels.

You collected 113 gold pieces.

Inventory:

Hand Weapons
 e - a +0 whip
 j - a +0 dagger
 m - a +0 long sword
 n - a +3 whip (weapon)
Armour
 a - a +0 robe (melded)
 b - a +0 hat (melded)
Jewellery
 g - a +5 ring of intelligence {unknown}
Scrolls
 h - a scroll of immolation {unknown}
 i - a scroll of identify {unknown}
 k - a scroll of teleportation {unknown}
Potions
 c - a potion of mutation
Comestibles
 d - 3 rations


   Skills:
 - Level 0.1 Maces & Flails
 * Level 3.4 Dodging
 * Level 3.5 Stealth
 + Level 5.1 Spellcasting
 - Level 0.6 Conjurations
   Level 0.7 Summonings
 * Level 1.8 Translocations


You had 3 spell levels left.
You knew the following spells:

 Your Spells              Type           Power        Failure   Level  Hunger
a - Magic Dart            Conj           #...         9%          1    None
b - Blink                 Tloc           N/A          9%          2    None
c - Mephitic Cloud        Conj/Pois/Air  #.......     32%         3    ##.....
d - Conjure Flame         Conj/Fire      #.......     30%         3    ##.....

Your spell library contained the following spells:

 Spells                   Type           Power        Failure   Level  Hunger
 Call Imp                 Summ           #.......     13%         2    None
 Slow                     Hex            #.......     17%         2    None


Dungeon Overview and Level Annotations

Branches:
Dungeon (2/15)

Altars:


Innate Abilities, Weirdness & Mutations

You are very small and have problems with some larger weapons.
You are too small for most types of armour.
You have supernaturally acute eyesight. (SInv)
You are a herbivore.
((You cover ground extremely quickly.))
You need to consume almost no food.
You expend magic power (3 MP) to strengthen your wands.


Message History

Confirm with . or Enter, or press ? or * to list all spells.
Aiming: Magic Dart (safe; 9% risk of failure)
Press: ? - help, Shift-Dir - straight line, f/p - adder
Aim: an adder (severely wounded)
The magic dart hits the adder.
You kill the adder!
It was a potion of mutation.
You feel extremely strange.
Your feet thicken and deform.
Your hooves expand and flesh out into feet!
You feel your magical essence link to the dungeon's wands.
* * * LOW HITPOINT WARNING * * *
You feel sick.
It was a potion of lignification.
You turn into a tree.
Your +0 hat melds into your body.
Your +0 robe melds into your body.
Your roots penetrate the ground.
It was a potion of might.
You feel very mighty all of a sudden.
You cannot move.
There is a lethal amount of poison in your body!
You die...

.........##.#
#.........##.##
#.............
##.........##.#
......†....##.##
#............<#
#.........##..#
#^........##..#
#.....♣...##..#
#####.######..#
#. ###..# #.
#....## #.
#.##..# ### ##
#.###.# ..# #.#
#.# #.# # #.#
#.# #.# #.# #
#.# #.# #.# #.#


There were no monsters in sight!

Vanquished Creatures
  2 adders (D:2)
  2 dart slugs (D:1)
  A ball python (D:2)
  6 bats
  2 goblins (D:1)
  3 hobgoblins
  A jackal (D:2)
  A quokka (D:2)
  A frilled lizard (D:2)
  2 kobolds
21 creatures vanquished.

Notes
Turn   | Place    | Note
-------+----------+-------------------------------------------
     0 | D:1      | Elvalys the Spriggan Wizard began the quest for the Orb.
     0 | D:1      | Reached XP level 1. HP: 9/9 MP: 6/6
   642 | D:1      | Reached XP level 2. HP: 13/13 MP: 5/8
  1038 | D:1      | Learned a level 2 spell: Blink
  1179 | D:2      | Reached skill level 5 in Spellcasting
  1179 | D:2      | Reached XP level 3. HP: 7/16 MP: 2/10
  1346 | D:2      | Learned a level 3 spell: Mephitic Cloud
  1350 | D:2      | Learned a level 3 spell: Conjure Flame
  1528 | D:2      | Gained mutation: You have large cloven feet. [potion of
                  | mutation]
  1528 | D:2      | Lost mutation: You have large cloven feet. [potion of
                  | mutation]
  1528 | D:2      | Gained mutation: You expend magic power (3 MP) to
                  | strengthen your wands. [potion of mutation]
  1531 | D:2      | Succumbed to an adder's poison

Levels and vault maps discovered:
D:1:      psy_arrival_dodecagon, layout_loops_corners, minmay_quantized
D:2:      layout_loops_ring, nicolae_overflow_hidden_temple,
          amethyst_overflow_temple_binary, first_ration

Skill      XL: |  1  2 |
---------------+-------+-----
Spellcasting   | 5 |  5.1
Maces & Flails | |  0.1
Dodging        | |  3.4
Stealth        | |  3.5
Conjurations   | |  0.6
Summonings     | |  0.7
Translocations | |  1.8

Action                   || total
-------------------------++-------
Melee: Whip              ||     9
       Dagger            ||     4
 Cast: Magic Dart        ||    53
  Use: Potion            ||     3
 Stab: Sleeping          ||     3
Armor: Robe              ||     1
Dodge: Dodged            ||    20
